[Event "Titled Tuesday Blitz July 20 2021"]
[White "Mortazavi, Ali"]
[Black "Har-Zvi, Ronen"]
[WhiteFideId "401323"]
[BlackFideId "2801485"]
[WhiteElo "2339"]
[BlackElo "2523"]
[Result "1/2-1/2"]
[Round "03"]
[TimeControl "180+1"]
[Date "2021.07.20"]
[WhiteClock "0:00:04"]
[BlackClock "0:00:06"]

1. e4 c6 2. Nc3 d5 3. d4 dxe4 4. f3 e3 5. Bxe3 Nf6 6. Bc4 Nbd7 7. Nge2 Nb6 8. Bb3 a5 9. a3 e6 10. O-O Be7 11. Qe1 O-O 12. Qg3 Nbd5 13. Bd2 b5 14. Ne4 Ba6 15. Rf2 b4 16. Nc5 Bxc5 17. dxc5 a4 18. Bxd5 Nxd5 19. axb4 Qf6 20. c3 Bxe2 21. Rxe2 a3 22. bxa3 Nxc3 23. Bxc3 Qxc3 24. Qe5 Rxa3 25. Qxc3 Rxc3 26. Ra6 Rb3 27. Re4 Rc8 28. h4 h5 29. Kh2 Rb2 30. Kh3 Rb8 31. Rxc6 R2xb4 32. Rxb4 Rxb4 33. Kg3 Rc4 34. Rc7 g6 35. c6 Kg7 36. Rc8 Kf6 37. Kh3 Rc3 38. Kg3 Rc4 39. Kh3 Ke7 40. Kg3 Kd6 41. Rf8 f5 42. Rf6 Rxc6 43. Rxg6 Ke5 44. Rg5 Kf6 45. Rxh5 Rc8 46. Rh6+ Ke5 47. Rh5 Rg8+ 48. Rg5 Rh8 49. h5 Kf6 50. Rg6+ Kf7 51. Kh4 e5 52. Ra6 e4 53. fxe4 fxe4 54. g4 e3 55. Ra1 Kf6 56. Re1 Re8 57. g5+ Kf5 58. Rf1+ Ke4 59. h6 e2 60. Re1 Kf5 61. Kh5 Re3 62. Kh4 Re4+ 63. Kh5 Re3 64. Kh4 Re4+ 65. Kh5 Re3 1/2-1/2


[Site "https://www.chess.com"]

[Event "Titled Tuesday Blitz July 20 2021"]
[White "Moskalenko, Alexander"]
[Black "Baskin, Robert"]
[WhiteFideId "4155351"]
[BlackFideId "24662402"]
[WhiteElo "2495"]
[BlackElo "2462"]
[Result "1/2-1/2"]
[Round "03"]
[TimeControl "180+1"]
[Date "2021.07.20"]
[WhiteClock "0:00:23"]
[BlackClock "0:00:09"]

1. d4 f5 2. Nc3 Nf6 3. Bf4 e6 4. e3 b6 5. Qf3 Nc6 6. O-O-O Bb4 7. Nb5 Nd5 8. Qg3 Nxf4 9. Qxf4 O-O 10. Qxc7 Qe7 11. c3 Ba6 12. cxb4 Bxb5 13. Bxb5 Rac8 14. Qf4 Nxd4+ 15. Kb1 Nxb5 16. Nf3 d5 17. Ne5 g5 18. Qg3 Qxb4 19. Qxg5+ Kh8 20. Nd3 Na3+ 21. Ka1 Nc2+ 22. Kb1 Na3+ 23. Ka1 Nc2+ 24. Kb1 Na3+ 1/2-1/2


[Site "https://www.chess.com"]

[Event "Titled Tuesday Blitz July 20 2021"]
[White "Nakamura, Hikaru"]
[Black "Aradhya, Garg"]
[WhiteFideId "2016192"]
[BlackFideId "25006746"]
[WhiteElo "2900"]
[BlackElo "2146"]
[Result "1-0"]
[Round "03"]
[TimeControl "180+1"]
[Date "2021.07.20"]
[WhiteClock "0:00:22"]
[BlackClock "0:00:13"]

1. e4 e5 2. Nf3 Nc6 3. c3 Nf6 4. d4 d5 5. exd5 Qxd5 6. Nbd2 exd4 7. Bc4 Qd8 8. cxd4 Bd6 9. O-O O-O 10. h3 Bf5 11. a3 Qd7 12. Re1 Rae8 13. Rxe8 Rxe8 14. Bf1 Ne4 15. Nc4 Be6 16. Ne3 Ne7 17. Bd3 Nf6 18. Ng5 Ned5 19. Nxe6 Qxe6 20. Qf3 Nxe3 21. Bxe3 Qd5 22. Qd1 c6 23. Bf1 Bc7 24. Qd3 h5 25. g3 h4 26. Bg2 Qd6 27. g4 Nd5 28. Bg5 f6 29. Bd2 Nf4 30. Qb3+ Kh8 31. Bxf4 Qxf4 32. Qxb7 Re2 33. Qc8+ Kh7 34. Qf5+ Qxf5 35. gxf5 Bb6 36. Rd1 c5 37. Bf1 Rxb2 38. d5 c4 39. Bxc4 Rxf2 40. Kh1 Rxf5 41. Bd3 g6 42. Bxf5 gxf5 43. d6 Kg6 44. d7 Bd8 45. Re1 Kf7 46. Re8 Bb6 47. d8=Q Bxd8 48. Rxd8 Ke6 49. Rh8 1-0


[Site "https://www.chess.com"]

[Event "Titled Tuesday Blitz July 20 2021"]
[White "Nefedov, Sergey"]
[Black "Grabinsky, Aaron"]
[WhiteFideId "24113417"]
[BlackFideId "2087090"]
[WhiteElo "2385"]
[BlackElo "2353"]
[Result "0-1"]
[Round "03"]
[TimeControl "180+1"]
[Date "2021.07.20"]
[WhiteClock "0:00:10"]
[BlackClock "0:00:53"]

1. d4 e6 2. Nf3 Nf6 3. c4 Bb4+ 4. Bd2 Qe7 5. g3 Nc6 6. Bg2 Bxd2+ 7. Nbxd2 d6 8. O-O e5 9. e3 O-O 10. Qc2 Bg4 11. h3 Bh5 12. d5 Nb8 13. Nh4 a5 14. Nf5 Qd7 15. g4 Bg6 16. e4 Na6 17. Nf3 Nc5 18. Nd2 Rfe8 19. Rfe1 b5 20. b3 b4 21. Re3 h6 22. Rb1 Nh7 23. h4 Nf8 24. Nf1 Bh7 25. N1g3 Qd8 26. Qd2 Bxf5 27. Nxf5 Ng6 28. Rg3 Nxh4 29. g5 hxg5 30. Rxg5 Nxf5 31. exf5 Qf6 32. Qe3 Kf8 33. Bf3 Ke7 34. Kf1 Rh8 35. Ke2 a4 36. a3 Nxb3 37. axb4 Nd4+ 38. Kd3 Nxf3 39. Rg3 Nd4 0-1


[Site "https://www.chess.com"]

[Event "Titled Tuesday Blitz July 20 2021"]
[White "Nguyen Hong Nhung"]
[Black "Kim, Yoon-Young"]
[WhiteFideId "12412201"]
[BlackFideId "30908779"]
[WhiteElo "1661"]
[BlackElo "2109"]
[Result "0-1"]
[Round "03"]
[TimeControl "180+1"]
[Date "2021.07.21"]
[WhiteClock "0:00:18"]
[BlackClock "0:00:28"]

1. e4 e5 2. Nf3 Nc6 3. d4 exd4 4. Nxd4 Nf6 5. Nc3 Bb4 6. Nxc6 bxc6 7. Bd3 d5 8. exd5 O-O 9. O-O cxd5 10. h3 c6 11. Qf3 Re8 12. Ne2 Be6 13. b3 a5 14. Bb2 Be7 15. Nd4 Bd7 16. Rfe1 a4 17. Nf5 Bxf5 18. Qxf5 Qd7 19. Qg5 h6 20. Qg3 Nh5 21. Qe5 Bb4 22. Qxh5 Bxe1 23. Qh4 a3 24. Bd4 Qe7 25. Qg4 Qg5 26. Qd7 c5 27. Bxc5 Bc3 28. Rd1 d4 29. Bb6 Re6 30. Qb7 Rae8 31. Bc4 Re1+ 32. Rxe1 Rxe1+ 33. Kh2 Qf4+ 34. g3 Qxf2+ 35. Qg2 Qxg2+ 36. Kxg2 Ra1 37. b4 Rb1 38. Bb3 d3 39. Be3 d2 40. Bxd2 Bxd2 41. b5 Ba5 42. Kf3 Re1 43. Kf2 Re5 44. c4 Kf8 45. Kf3 f6 46. Kf4 Ke7 47. g4 Kd6 48. h4 Kc5 49. Kf3 g5 50. h5 Kb4 51. Kf2 Bb6+ 52. Kf3 Kc3 53. Kg2 f5 54. gxf5 Rxf5 55. Kg3 Re5 56. Kg4 Kd4 57. Kf3 Re3+ 58. Kg4 Rxb3 59. axb3 a2 0-1


[Site "https://www.chess.com"]

[Event "Titled Tuesday Blitz July 20 2021"]
[White "Nguyen, Quoc Hy"]
[Black "Rottenwohrer Suarez, Juan"]
[WhiteFideId "12410853"]
[BlackFideId "32068182"]
[WhiteElo "1975"]
[BlackElo "2158"]
[Result "0-1"]
[Round "03"]
[TimeControl "180+1"]
[Date "2021.07.21"]
[WhiteClock "0:00:03"]
[BlackClock "0:00:01"]

1. d4 Nf6 2. c4 g6 3. Nc3 Bg7 4. e4 d6 5. Nf3 O-O 6. Be2 e5 7. O-O Nc6 8. d5 Ne7 9. b4 Nh5 10. c5 f5 11. g3 h6 12. Nd2 Nf6 13. f3 g5 14. Nc4 fxe4 15. fxe4 Bh3 16. Rf2 Qd7 17. Ne3 a5 18. Ba3 b6 19. cxb6 cxb6 20. Rc1 Rac8 21. bxa5 bxa5 22. Nc4 Ng4 23. Rxf8+ Rxf8 24. Bxg4 Bxg4 25. Qd2 Nc8 26. Rf1 Qa7+ 27. Qe3 Qa6 28. Rxf8+ Bxf8 29. Nd2 Nb6 30. Qf2 Qd3 31. Ncb1 Nc4 32. Bc1 Bh3 33. Nxc4 Qxb1 34. Qe1 Qxa2 35. Ne3 a4 36. Qf2 Qb1 37. Qd2 a3 38. Nd1 a2 39. Bb2 Bg4 40. Kf2 Qxd1 41. Qa5 Qe2+ 0-1


[Site "https://www.chess.com"]

[Event "Titled Tuesday Blitz July 20 2021"]
[White "Noritsyn, Nikolay"]
[Black "Huynh, Ngoc Thuy Linh"]
[WhiteFideId "2604922"]
[BlackFideId "12403334"]
[WhiteElo "2527"]
[BlackElo "1780"]
[Result "0-1"]
[Round "03"]
[TimeControl "180+1"]
[Date "2021.07.21"]
[WhiteClock "0:00:01"]
[BlackClock "0:00:10"]

1. e4 c5 2. Nf3 d6 3. c3 Nf6 4. Bd3 g6 5. Bc2 Bg7 6. d4 O-O 7. h3 cxd4 8. cxd4 e5 9. d5 a5 10. Nc3 Na6 11. Be3 b6 12. Nd2 Nc5 13. Bxc5 bxc5 14. a4 Ba6 15. Nb5 Rb8 16. Bd3 Ne8 17. Qc2 Nc7 18. Nxc7 Bxd3 19. Qxd3 Qxc7 20. Nc4 Rb4 21. O-O f5 22. Rfe1 Rfb8 23. exf5 gxf5 24. f3 Rf8 25. Ra3 Kh8 26. Kh1 Bh6 27. b3 Bf4 28. Ra2 Qe7 29. Rae2 Qf6 30. g4 Qh4 31. Kg1 Qg3+ 32. Kf1 Qxh3+ 33. Rg2 fxg4 34. Kf2 Bh2 35. Re3 gxf3 36. Rxf3 Rxf3+ 37. Qxf3 Qxf3+ 38. Kxf3 Rxb3+ 39. Kg4 Bf4 40. Kf5 Rd3 41. Nxd6 h5 42. Kg6 Rg3+ 43. Rxg3 Bxg3 0-1


[Site "https://www.chess.com"]

[Event "Titled Tuesday Blitz July 20 2021"]
[White "Odegov, Artem"]
[Black "Narayanan.S.L"]
[WhiteFideId "34183644"]
[BlackFideId "5058422"]
[WhiteElo "2288"]
[BlackElo "2617"]
[Result "0-1"]
[Round "03"]
[TimeControl "180+1"]
[Date "2021.07.21"]
[WhiteClock "0:00:11"]
[BlackClock "0:01:42"]

1. d4 Nc6 2. c4 e5 3. d5 Nce7 4. Nc3 d6 5. e4 f5 6. Bd3 g6 7. Nge2 Nf6 8. Bg5 Bg7 9. Qc2 f4 10. O-O-O h6 11. Bxf6 Bxf6 12. f3 O-O 13. Kb1 c5 14. Rdg1 Bg7 15. g4 fxg3 16. Rxg3 a6 17. Rhg1 Kh7 18. Qd2 b5 19. cxb5 axb5 20. Bxb5 Qa5 21. Nc1 Rb8 22. Bc4 Rb4 23. Be2 Bd7 24. h4 Rfb8 25. Nd3 R4b7 26. h5 c4 27. hxg6+ Kg8 28. Nc1 Qb4 29. b3 cxb3 30. Nxb3 Qa3 31. Bd1 Rc8 32. Qb2 Qa7 33. Be2 Qe3 34. Nd1 Qb6 35. Bd3 Rbc7 36. R3g2 Ba4 37. Rc2 Rxc2 38. Bxc2 Qxg1 39. a3 Bxb3 40. Bxb3 Nxg6 41. Bc2 Kh7 42. Ka2 Qc5 43. Bb3 h5 44. Nf2 h4 45. Nh3 Bh6 46. Qg2 Ra8 47. a4 Rb8 48. Ng5+ Bxg5 49. Qxg5 Qc3 50. Qh5+ Kg7 51. Qf5 Qxb3+ 0-1


[Site "https://www.chess.com"]

[Event "Titled Tuesday Blitz July 20 2021"]
[White "Omk124"]
[Black "Kobalia, Mikhail"]
[BlackFideId "4119150"]
[WhiteElo "2569"]
[BlackElo "2569"]
[Result "0-1"]
[Round "03"]
[TimeControl "180+1"]
[Date "2021.07.20"]
[WhiteClock "0:00:02"]
[BlackClock "0:00:03"]

1. e4 c6 2. c4 d5 3. exd5 cxd5 4. cxd5 Nf6 5. Nc3 Nxd5 6. Nf3 Nc6 7. Bb5 Nxc3 8. bxc3 Bd7 9. O-O e6 10. d4 Be7 11. Bf4 O-O 12. Qd2 a6 13. Bd3 b5 14. Qc2 g6 15. Bh6 Re8 16. Qd2 Rc8 17. Bg5 Na5 18. Bxe7 Qxe7 19. Rac1 Bc6 20. Ne5 Bd5 21. Qf4 Nc6 22. Ng4 f5 23. Ne3 Qd7 24. a4 bxa4 25. c4 Be4 26. Bxe4 fxe4 27. Rfd1 Nxd4 28. Qe5 Nc6 29. Qa1 Qg7 30. Qxa4 Nd4 31. Kf1 e5 32. Qxa6 Qh6 33. c5 Qxh2 34. Qc4+ Kh8 35. Ke1 Qg1+ 36. Qf1 Qh2 37. c6 Nxc6 38. Rd7 Nd4 39. Rcc7 Rxc7 40. Rxc7 Rb8 41. Rc1 h5 42. g3 Nf3+ 43. Kd1 Rd8+ 44. Kc2 Rd2+ 45. Kb1 Qxf2 46. Rc8+ Kh7 47. Rc7+ Kh6 48. Qxf2 Rxf2 49. Nd5 Re2 50. Nf6 e3 0-1


[Site "https://www.chess.com"]

[Event "Titled Tuesday Blitz July 20 2021"]
[White "Onyshchuk, Volodymyr"]
[Black "Siniauski, Artsiom"]
[WhiteFideId "14114038"]
[BlackFideId "13512269"]
[WhiteElo "2603"]
[BlackElo "2210"]
[Result "1-0"]
[Round "03"]
[TimeControl "180+1"]
[Date "2021.07.20"]
[WhiteClock "0:00:46"]
[BlackClock "0:00:20"]

1. e4 e6 2. d4 d5 3. Bd3 dxe4 4. Bxe4 Nf6 5. Bf3 c5 6. Ne2 cxd4 7. Qxd4 Qxd4 8. Nxd4 Be7 9. Nb5 Na6 10. Be3 e5 11. N1c3 O-O 12. O-O-O Bc5 13. Rhe1 Ng4 14. Bxg4 Bxg4 15. f3 Be6 16. Bxc5 Nxc5 17. Rxe5 b6 18. Nc7 Rac8 19. Nxe6 Nxe6 20. Rd7 a6 21. Nd5 Rc5 22. Ne7+ Kh8 23. Rxc5 Nxc5 24. Rd6 Re8 25. Rxb6 g6 26. Rc6 Rxe7 27. Rxc5 Re1+ 28. Kd2 Rg1 29. g4 Rg2+ 30. Ke3 Rxh2 31. b4 Kg7 32. a4 Kf6 33. c4 h5 34. gxh5 gxh5 35. b5 axb5 36. axb5 Ke6 37. b6 Rb2 38. Rc6+ Ke5 39. Rh6 f5 40. f4# 1-0


[Site "https://www.chess.com"]

[Event "Titled Tuesday Blitz July 20 2021"]
[White "Orantes Taboada, Francisco"]
[Black "Willow, Jonah B"]
[WhiteFideId "22274758"]
[BlackFideId "438804"]
[WhiteElo "2073"]
[BlackElo "2261"]
[Result "1-0"]
[Round "03"]
[TimeControl "180+1"]
[Date "2021.07.21"]
[WhiteClock "0:00:06"]
[BlackClock "0:00:02"]

1. Nf3 c5 2. g3 Nc6 3. d4 cxd4 4. Nxd4 g6 5. Bg2 Bg7 6. Nb3 Nf6 7. O-O O-O 8. c4 d6 9. Nc3 Bd7 10. Bg5 Rc8 11. Rc1 b6 12. Qd2 Ne5 13. Bd5 e6 14. f4 Nxc4 15. Bxc4 Rxc4 16. Qxd6 h6 17. Bxf6 Bxf6 18. Rfd1 Bc6 19. Ne4 Rxc1 20. Nxf6+ Qxf6 21. Nxc1 Ba8 22. Nd3 Qf5 23. Qe5 Qh3 24. e4 Rd8 25. Nf2 Rxd1+ 26. Nxd1 Kh7 27. Nf2 Qh5 28. Qxh5 gxh5 29. Kf1 Kg6 30. Ke2 h4 31. Ke3 hxg3 32. hxg3 Kf6 33. Ng4+ Kg6 34. Ne5+ Kf6 35. Kd4 h5 36. b4 Ke7 37. b5 f6 38. Nd3 Bb7 39. a4 Kd6 40. Nb2 e5+ 41. Ke3 Kc5 42. Nd3+ Kd6 43. fxe5+ fxe5 44. Kf3 Bc8 45. Nf2 Kc5 46. Nd3+ Kd4 47. Nb4 Bb7 48. Nc6+ Kd3 49. Nxe5+ Kd4 50. Nc6+ Kc5 51. Ne7 Kb4 52. Nf5 Kxa4 53. Nd6 Ba8 54. Kf4 Kb4 55. e5 Kc5 56. Kf5 Bd5 57. Kf6 Kd4 58. e6 Kc5 59. e7 Kxd6 60. e8=Q Kc5 61. Qe5 Kc4 1-0


[Site "https://www.chess.com"]

[Event "Titled Tuesday Blitz July 20 2021"]
[White "Peralta, Eduardo"]
[Black "Gracia Alvarez, Gerardo Antonio"]
[WhiteFideId "3700062"]
[BlackFideId "5109124"]
[WhiteElo "2205"]
[BlackElo "2148"]
[Result "1-0"]
[Round "03"]
[TimeControl "180+1"]
[Date "2021.07.21"]
[WhiteClock "0:00:42"]
[BlackClock "0:00:40"]

1. d4 Nf6 2. c4 c5 3. d5 b5 4. f3 g6 5. e4 d6 6. Ne2 Bg7 7. cxb5 a6 8. Nec3 O-O 9. Be2 axb5 10. Bxb5 Ba6 11. O-O Qb6 12. a4 Bxb5 13. Nxb5 Na6 14. N1a3 Nc7 15. Nc4 Qb7 16. Nxc7 Qxc7 17. Bg5 h6 18. Bd2 Rfb8 19. Bc3 Nd7 20. f4 Nb6 21. Nxb6 Qxb6 22. a5 Qb3 23. Qxb3 Rxb3 24. e5 g5 25. g3 Ra6 26. Ra4 gxf4 27. gxf4 f6 28. e6 f5 29. Kh1 Bxc3 30. bxc3 Rxc3 31. Rg1+ Kh7 32. Ra2 Ra7 33. Rag2 1-0


[Site "https://www.chess.com"]

[Event "Titled Tuesday Blitz July 20 2021"]
[White "Perez Gormaz, Matias"]
[Black "Dzierzak, Radoslaw"]
[WhiteFideId "3406342"]
[BlackFideId "1161407"]
[WhiteElo "2414"]
[BlackElo "2019"]
[Result "1-0"]
[Round "03"]
[TimeControl "180+1"]
[Date "2021.07.21"]
[WhiteClock "0:00:45"]
[BlackClock "0:00:11"]

1. e4 c5 2. Nf3 e6 3. g3 d5 4. exd5 exd5 5. d4 Nf6 6. Bg2 cxd4 7. O-O Be7 8. Nxd4 O-O 9. Nc3 Nc6 10. a3 Bg4 11. Qd3 Ne5 12. Qb5 a6 13. Qxb7 Bc5 14. Be3 Bxd4 15. Bxd4 Nf3+ 16. Bxf3 Bxf3 17. Rfe1 Rb8 18. Qxa6 Ne4 19. Qd3 Ng5 20. h4 Nh3+ 21. Kh2 Bg4 22. b3 f5 23. f3 g5 24. fxg4 fxg4 25. Qe2 Rf5 26. Qe6+ 1-0


[Site "https://www.chess.com"]

[Event "Titled Tuesday Blitz July 20 2021"]
[White "Pham, Le Thao Nguyen"]
[Black "Wagner, Dennis"]
[WhiteFideId "12401226"]
[BlackFideId "24650684"]
[WhiteElo "2286"]
[BlackElo "2355"]
[Result "0-1"]
[Round "03"]
[TimeControl "180+1"]
[Date "2021.07.20"]
[WhiteClock "0:00:02"]
[BlackClock "0:00:09"]

1. d4 Nf6 2. Nf3 g6 3. g3 Bg7 4. Bg2 O-O 5. O-O d6 6. b3 b5 7. Bb2 Bb7 8. Nbd2 Nbd7 9. c4 bxc4 10. Nxc4 c5 11. dxc5 Nxc5 12. b4 Ne6 13. a3 Rc8 14. Rc1 Bd5 15. Na5 Be4 16. Nd4 Bxg2 17. Kxg2 Qd7 18. Nxe6 fxe6 19. Bxf6 Bxf6 20. Qd3 Bb2 21. Rxc8 Rxc8 22. Qb3 Bd4 23. Rd1 Rc3 24. Qb1 Bb6 25. Nb3 Qc6+ 26. f3 Qc4 27. Rd3 Rc2 28. Qd1 e5 29. Kh3 Rb2 30. Nd2 Qe6+ 31. g4 Qa2 32. Ne4 Rxe2 33. Qb3+ Qxb3 34. Rxb3 Bg1 35. g5 Bxh2 36. Rc3 Bf4 37. Kg4 Kf7 38. Rc7 d5 39. Nc5 Rg2+ 40. Kh3 Rxg5 41. Rd7 Rg3+ 42. Kh4 g5+ 43. Kh5 Kf6 0-1


[Site "https://www.chess.com"]

[Event "Titled Tuesday Blitz July 20 2021"]
[White "Pichot, Alan"]
[Black "Leiva, Gianmarco"]
[WhiteFideId "110973"]
[BlackFideId "3804399"]
[WhiteElo "2622"]
[BlackElo "2365"]
[Result "1-0"]
[Round "03"]
[TimeControl "180+1"]
[Date "2021.07.20"]
[WhiteClock "0:01:49"]
[BlackClock "0:00:46"]

1. c4 Nf6 2. g3 c6 3. Bg2 d5 4. Nf3 b5 5. O-O bxc4 6. b3 cxb3 7. Qxb3 e6 8. Nc3 Bd6 9. d4 O-O 10. Bf4 Bxf4 11. gxf4 Nbd7 12. a4 Ba6 13. Rfb1 Qa5 14. e3 c5 15. Nb5 c4 16. Qc3 Qxc3 17. Nxc3 Rab8 18. Ne5 Nxe5 19. fxe5 Nd7 20. Bf1 Rxb1 21. Rxb1 Rb8 22. Rc1 f5 23. Be2 Kf7 24. Bd1 Rb2 25. Bc2 Ke7 26. Kf1 Nb8 27. Ke1 Nc6 28. Nd1 Rb4 29. Kd2 Bc8 30. Nc3 a5 31. Bxf5 exf5 32. Nxd5+ Kd7 33. Nxb4 axb4 34. Rxc4 Ba6 35. Rc5 f4 36. exf4 1-0


[Site "https://www.chess.com"]

[Event "Titled Tuesday Blitz July 20 2021"]
[White "Pinheiro, Iung Alicio de O."]
[Black "Rustemov, Alexander"]
[WhiteFideId "2104350"]
[BlackFideId "4119002"]
[WhiteElo "2600"]
[BlackElo "2848"]
[Result "0-1"]
[Round "03"]
[TimeControl "180+1"]
[Date "2021.07.20"]
[WhiteClock "0:00:08"]
[BlackClock "0:00:59"]

1. e4 e6 2. d3 d5 3. Nd2 c5 4. Ngf3 Nc6 5. g3 g6 6. Bg2 Bg7 7. O-O Nge7 8. Re1 b6 9. Nf1 h6 10. h4 Bb7 11. c3 d4 12. cxd4 Nxd4 13. N1h2 Nec6 14. a3 Nxf3+ 15. Nxf3 Qd6 16. Rb1 Rd8 17. b4 c4 18. Bf4 e5 19. Be3 cxd3 20. Qd2 h5 21. Rbd1 O-O 22. Bh6 a5 23. b5 Nd4 24. Nxd4 Bxh6 25. Qxh6 Qxd4 26. Rd2 Rd6 27. Red1 Bxe4 28. Bf1 Qc5 29. Qg5 Rfd8 30. a4 Bf5 31. Bg2 e4 32. Qf4 Rd4 33. Qe3 Rxa4 0-1


[Site "https://www.chess.com"]

[Event "Titled Tuesday Blitz July 20 2021"]
[White "Preotu, Razvan"]
[Black "Pacheco Lugo, Alejandro Jose"]
[WhiteFideId "2613280"]
[BlackFideId "3903745"]
[WhiteElo "2407"]
[BlackElo "2125"]
[Result "1-0"]
[Round "03"]
[TimeControl "180+1"]
[Date "2021.07.21"]
[WhiteClock "0:00:18"]
[BlackClock "0:00:14"]

1. e4 c5 2. Nf3 d6 3. d4 cxd4 4. Nxd4 Nf6 5. Nc3 a6 6. Be2 e5 7. Nb3 Be7 8. Be3 Be6 9. O-O O-O 10. Nd5 Bxd5 11. exd5 Nbd7 12. a4 Nc5 13. Nxc5 dxc5 14. a5 Qxd5 15. Bf3 Qxd1 16. Rfxd1 e4 17. Be2 h6 18. Ra3 Rfd8 19. Rb3 Rxd1+ 20. Bxd1 Rd8 21. Be2 Rd7 22. Kf1 Kf8 23. Bc4 Ke8 24. Ke2 Bf8 25. h3 Kd8 26. Rc3 Nd5 27. Rb3 Kc8 28. c3 f5 29. Bd2 g5 30. Ra3 f4 31. Ra1 Kc7 32. h4 Nf6 33. hxg5 hxg5 34. Rh1 Bg7 35. g3 e3 36. fxe3 fxe3 37. Bxe3 Re7 38. Kf3 Re5 39. Bf2 Kc6 40. g4 Ne4 41. Be3 Nd6 42. Be2 Re6 43. Bxg5 Ne4 44. Bf4 1-0


[Site "https://www.chess.com"]

[Event "Titled Tuesday Blitz July 20 2021"]
[White "Przybylski, Wojciech"]
[Black "Hamley, Ryan"]
[WhiteFideId "1117599"]
[BlackFideId "30959497"]
[WhiteElo "2317"]
[BlackElo "2393"]
[Result "1-0"]
[Round "03"]
[TimeControl "180+1"]
[Date "2021.07.21"]
[WhiteClock "0:00:18"]
[BlackClock "0:00:01"]

1. e4 c5 2. Nf3 d6 3. d4 cxd4 4. Nxd4 Nf6 5. Nc3 a6 6. h3 e5 7. Nde2 h5 8. Nd5 Nxd5 9. Qxd5 Qc7 10. Be3 Be6 11. Qd2 Nd7 12. Nc3 Nf6 13. O-O-O Be7 14. f4 O-O 15. f5 Bc4 16. g4 Bxf1 17. Rdxf1 Qc4 18. g5 Nxe4 19. Nxe4 Qxe4 20. f6 Bd8 21. fxg7 Re8 22. Kb1 Be7 23. g6 Qxg6 24. Rhg1 Qe6 25. Qe2 Qxh3 26. Rh1 Qg4 27. Qf2 f6 28. Rfg1 Qe4 29. Rxh5 Kf7 30. Rh4 Qd5 31. Qg3 Rg8 32. Qg6+ Ke6 33. c4 Qf3 34. Qd3 Rac8 35. Rh2 e4 36. Qd5+ Kd7 37. Bb6 Qd3+ 38. Qxd3 exd3 39. b3 Rc6 40. Bd4 Ke6 41. Rd2 Kf7 42. Rxd3 Rxg7 43. Re1 Rg8 44. Rh3 Rc7 45. Rh7+ Rg7 46. Rh8 f5 47. Bxg7 Kxg7 48. Rh5 Kg6 49. Rh3 Bf6 50. Rg1+ Bg5 51. Rhg3 1-0


[Site "https://www.chess.com"]

[Event "Titled Tuesday Blitz July 20 2021"]
[White "Quparadze, Giga"]
[Black "Vyatkin, Dmitry"]
[WhiteFideId "13602250"]
[BlackFideId "4171900"]
[WhiteElo "2658"]
[BlackElo "2279"]
[Result "1-0"]
[Round "03"]
[TimeControl "180+1"]
[Date "2021.07.21"]
[WhiteClock "0:01:43"]
[BlackClock "0:00:12"]

1. e4 e6 2. Qe2 c5 3. Nf3 Nc6 4. g3 g6 5. Bg2 Bg7 6. O-O d6 7. h4 h6 8. d3 Nge7 9. c3 O-O 10. Be3 e5 11. Qd2 Kh7 12. h5 g5 13. Nh2 Be6 14. f4 gxf4 15. gxf4 f5 16. Na3 Qd7 17. Rf2 Rf7 18. Kh1 Raf8 19. Rg1 exf4 20. Bxf4 fxe4 21. Bxe4+ Bf5 22. Bg2 Ne5 23. Bxe5 Bxe5 24. Nc4 Bxh2 25. Kxh2 Bg4 26. Be4+ Bf5 27. Qf4 d5 28. Ne5 Qd6 29. Rg6 Nxg6 30. hxg6+ Bxg6 31. Bxg6+ Qxg6 32. Nxg6 Rxf4 33. Nxf8+ Rxf8 34. Rxf8 1-0


[Site "https://www.chess.com"]

[Event "Titled Tuesday Blitz July 20 2021"]
[White "Rodriguez Hernandez, Luis Daniel"]
[Black "Garcia, Gabriel Gonzaga"]
[WhiteFideId "3506770"]
[BlackFideId "2138956"]
[WhiteElo "2133"]
[BlackElo "2240"]
[Result "1-0"]
[Round "03"]
[TimeControl "180+1"]
[Date "2021.07.21"]
[WhiteClock "0:00:15"]
[BlackClock "0:00:56"]

1. e4 c6 2. d4 d5 3. Nc3 dxe4 4. Nxe4 Nf6 5. Nxf6+ exf6 6. c3 Bf5 7. Bc4 Bd6 8. Ne2 O-O 9. Bf4 Bxf4 10. Nxf4 Re8+ 11. Ne2 b5 12. Bd3 Bxd3 13. Qxd3 Qe7 14. f3 Nd7 15. Kf2 Qd6 16. Rae1 Ne5 17. Qc2 Ng6 18. Ng3 Qd5 19. b3 b4 20. Re4 f5 21. Rxe8+ Rxe8 22. Qxf5 bxc3 23. Qxd5 cxd5 24. Rc1 Rc8 25. Ke3 Re8+ 26. Kf2 Rc8 27. Ne2 c2 28. Ke3 Nh4 29. g3 Nf5+ 30. Kd3 Re8 31. Rxc2 Re3+ 32. Kd2 Rxe2+ 33. Kxe2 Nxd4+ 34. Kd3 Nxc2 35. Kxc2 Kf8 36. Kd3 Ke7 37. Kd4 Kd6 38. b4 Kc6 39. a4 a6 40. f4 h5 41. h3 f6 42. b5+ axb5 43. axb5+ Kxb5 44. Kxd5 Kb4 45. Ke6 Kc3 46. Kf7 Kd3 47. Kxg7 Ke3 48. Kxf6 1-0


[Site "https://www.chess.com"]

[Event "Titled Tuesday Blitz July 20 2021"]
[White "Roman, Rodrigo"]
[Black "Makhnev, Denis"]
[WhiteFideId "3701220"]
[BlackFideId "13707647"]
[WhiteElo "2043"]
[BlackElo "2537"]
[Result "1/2-1/2"]
[Round "03"]
[TimeControl "180+1"]
[Date "2021.07.21"]
[WhiteClock "0:00:18"]
[BlackClock "0:00:22"]

1. c4 e5 2. Nc3 Nf6 3. Nf3 Nc6 4. e3 Bb4 5. Qc2 Bxc3 6. Qxc3 Qe7 7. a3 O-O 8. b4 d5 9. cxd5 Nxd5 10. Qc2 a6 11. Bb2 Bg4 12. h3 Bh5 13. Bd3 Bg6 14. Bxg6 hxg6 15. d3 Rad8 16. O-O Rd7 17. Rfd1 Rfd8 18. Nd2 Ndxb4 19. axb4 Nxb4 20. Qb3 Rxd3 21. Bc3 Nd5 22. Ne4 Nxc3 23. Nxc3 Qc5 24. Ne4 Rxd1+ 25. Rxd1 Rxd1+ 26. Qxd1 Qe7 27. Qd5 c6 28. Qa5 f5 29. Nc5 b5 30. Nxa6 Kh7 31. Qb6 Qd6 32. Nb8 b4 33. Nxc6 b3 34. Qxb3 Qxc6 35. Qb4 g5 36. Qa5 Qe6 37. Qd8 Kg6 38. h4 g4 39. Qg5+ Kh7 40. g3 Qg6 41. Qe7 e4 42. Qe5 Qf7 43. Qf4 Qf6 44. Qc7 Kg6 45. Qd7 Qe5 46. Qc6+ Kf7 47. Qd7+ Kf6 48. Qd8+ Qe7 49. Qd4+ Ke6 50. Qc4+ Kf6 51. Qd4+ Kg6 52. Qb6+ Kf7 53. Qd4 Qe6 54. Qa7+ Kg6 55. Qd4 Qc6 56. Qd8 Kf7 57. Qd4 Qf6 58. Qd7+ Kg6 59. Qe8+ Kh7 60. Qh5+ Kg8 61. Qe8+ Qf8 62. Qe6+ Qf7 63. Qc8+ Kh7 64. Qc5 Qf6 65. Qc8 g5 66. Qd7+ Kh6 67. hxg5+ Kxg5 68. Qe8 Kh6 69. Kg2 Kg7 70. Kf1 Qa1+ 71. Kg2 Qf6 72. Kf1 Qd6 73. Kg2 Kf6 74. Qh8+ Ke6 75. Qe8+ Kd5 76. Qf7+ Qe6 77. Qb7+ Kc4 78. Qb2 Kd3 79. Kf1 Qc4 80. Kg2 Qd5 81. Qa3+ Kc2 82. Qa4+ Kc3 83. Qa3+ Kc2 84. Qa4+ Kc1 85. Qa3+ Kc2 1/2-1/2


[Site "https://www.chess.com"]

[Event "Titled Tuesday Blitz July 20 2021"]
[White "Rozhkov, Viacheslav"]
[Black "Turgut, Aydin"]
[WhiteFideId "4181484"]
[BlackFideId "2078791"]
[WhiteElo "2324"]
[BlackElo "2138"]
[Result "1-0"]
[Round "03"]
[TimeControl "180+1"]
[Date "2021.07.21"]
[WhiteClock "0:00:23"]
[BlackClock "0:00:02"]

1. e4 e5 2. Nf3 Nc6 3. d4 exd4 4. Bc4 Nf6 5. e5 d5 6. Bb5 Ne4 7. Nxd4 Bd7 8. Bxc6 bxc6 9. O-O Bc5 10. f3 Ng5 11. f4 Ne4 12. Be3 Bb6 13. Nd2 Nxd2 14. Qxd2 c5 15. Nf3 d4 16. Bf2 Bc6 17. c4 Bxf3 18. gxf3 Qd7 19. Bh4 O-O 20. Qd3 Qh3 21. Bg3 h5 22. f5 Rae8 23. Kh1 c6 24. Rg1 Bc7 25. e6 Bd8 26. Bd6 fxe6 27. Bxf8 Kxf8 28. fxe6 Bc7 29. Rg2 Rxe6 30. Qh7 Be5 31. Re1 Bf6 32. Qh8+ Kf7 33. Rxe6 Qxe6 34. Qxh5+ Kg8 35. Qg4 Qxc4 36. Qc8+ Kf7 37. Qd7+ Kf8 38. Qd6+ Kf7 39. Qxc6 Qf1+ 40. Rg1 Qc4 41. Qd7+ Kg8 42. Qe8+ Kh7 43. Qh5+ Kg8 44. Qf5 Qf7 45. Qxc5 Qe6 46. b3 Qe3 47. Qd5+ Kf8 48. Qe4 Qf2 49. Qa8+ Kf7 50. Qxa7+ Kg8 51. Qa8+ Kh7 52. Qe4+ Kh8 53. a4 Qd2 54. Qe8+ Kh7 55. Qh5+ Kg8 56. Qd5+ Kh7 57. Qe4+ Kg8 58. b4 Qxb4 59. Qe6+ Kh7 60. Qf5+ Kh8 61. Qh5+ Kg8 62. Qg6 Kf8 63. Rc1 Qb7 64. Qf5 Kf7 65. a5 Qa7 66. Qd5+ Kg6 67. Rg1+ Kh7 68. Qh5+ Kg8 69. Qe8+ Kh7 70. Qe4+ Kg8 71. Qf5 Qb7 72. Qxf6 d3 73. Qe6+ Kh8 74. Qe8+ Kh7 75. Qe4+ 1-0


[Site "https://www.chess.com"]